 Dungeon Crawl Stone Soup version 0.26.0-3-g156281e41b (webtiles) character file.

Game seed: 2640307513136141147

363411 benadryl the Gargoyle Cataclysm (level 22, -8/150 HPs)
             Began as a Gargoyle Fighter on Jan 9, 2021.
             Was a High Priest of Qazlal.
             Mangled by a frost giant
             ... wielding a +2 battleaxe of freezing
              (35 damage)
             ... on level 5 of the Vaults.
             The game lasted 02:01:23 (45412 turns).

benadryl the Gargoyle Cataclysm (Gargoyle Fighter) Turns: 45412, Time: 02:01:24

Health: -8/150     AC: 49    Str: 33    XL:     22   Next: 49%
Magic:  38/38      EV:  8    Int: 14    God:    Qazlal [*****.]
Gold:   1203       SH: 27    Dex: 16    Spells: 21/21 levels left

rFire    . . .     SeeInvis .   x - +8 broad axe (venom)
rCold    . . .     Faith    +   v - +4 kite shield
rNeg     + + +     Spirit   .   C - +0 plate armour of Hujeecyzi {rElec rPois rCorr}
rPois    ∞         Reflect  .   R - +2 helmet
rElec    +         Harm     .   N - +2 cloak {Will+}
rCorr    +         Rampage  +   a - +2 pair of gloves
Will     +++++                  E - +2 pair of boots {rampage}
Stlth    ..........             V - amulet of Isoubru {Faith Dex+4 Slay+2}
HPRegen  0.35/turn              S - ring of the Devil's Advocate {rN+ Will+++ Dex-3 Slay+3 Stlth-}
MPRegen  0.26/turn              T - ring "Vemunk" {rN+++ Str+5 Int+3 Dex+6}

@: mighty, about to teleport, protected from physical damage, repel missiles
A: big wings, molten scales 1, negative energy resistance 1, electricity
resistance, unbreathing, petrification resistance, miasma immunity, AC +16
}: 2/15 runes: decaying, gossamer
a: Fly, Renounce Religion, Upheaval, Elemental Force, Disaster Area


You were on level 5 of the Vaults.
You worshipped Qazlal.
Qazlal was extremely pleased with you.
You visited 6 branches of the dungeon, and saw 36 of its levels.
You visited 1 bazaar.

You collected 4479 gold pieces.
You spent 3276 gold pieces at shops.

Inventory:

Hand Weapons
 x - a +8 broad axe of venom (weapon)
Missiles
 s - 152 poisoned darts
 F - 8 silver javelins
Armour
 a - a +2 pair of gloves (worn)
 v - a +4 kite shield (worn)
 C - the +0 plate armour of Hujeecyzi (worn) {rElec rPois rCorr}
   (You bought it in a shop on level 2 of the Orcish Mines)

   It insulates you from electricity.
   It protects you from poison.
   It provides partial protection from all sources of acid and corrosion.
 E - a +2 pair of boots of rampaging (worn)
 N - a +2 cloak of willpower (worn)
 R - a +2 helmet (worn)
Jewellery
 r - an uncursed ring of protection from cold
 S - the ring of the Devil's Advocate (left hand) {rN+ Will+++ Dex-3 Slay+3 Stlth-}
   (You bought it in a shop on level 10 of the Dungeon)

   [ring of attention]

   It affects your dexterity (-3).
   It affects your accuracy and damage with ranged weapons and melee attacks
   (+3).
   It protects you from negative energy.
   It affects your willpower, your defense against some magical effects.
   It makes you less stealthy.
 T - the ring "Vemunk" (right hand) {rN+++ Str+5 Int+3 Dex+6}
   (You found it on level 6 of the Lair of Beasts)

   [ring of dexterity]

   It affects your strength (+5).
   It affects your intelligence (+3).
   It affects your dexterity (+6).
   It renders you almost immune to negative energy.
 V - the amulet of Isoubru (around neck) {Faith Dex+4 Slay+2}
   (You bought it in a shop on level 10 of the Dungeon)

   [amulet of faith]

   It allows you to gain divine favour quickly.
   It affects your dexterity (+4).
   It affects your accuracy and damage with ranged weapons and melee attacks
   (+2).
Wands
 e - a wand of acid (21)
 j - a wand of random effects (25)
 y - a wand of iceblast (20)
 z - a wand of digging (2)
 G - a wand of paralysis (22)
 I - a wand of enslavement (12)
 K - a wand of flame (34)
 P - a wand of disintegration (34)
Scrolls
 g - 13 scrolls of teleportation
 n - 10 scrolls of amnesia
 o - 2 scrolls of silence
 p - 15 scrolls of remove curse {@r2}
 u - 4 scrolls of fear
 A - 12 scrolls of identify {@r1}
 J - 4 scrolls of magic mapping
 L - 4 scrolls of fog
 M - 6 scrolls of immolation
 O - a scroll of enchant armour
 Q - 4 scrolls of noise
Potions
 b - 2 potions of magic
 c - 3 potions of lignification
 d - 7 potions of might
 f - 11 potions of curing {@q1}
 h - 4 potions of mutation
 i - 5 potions of brilliance
 k - 5 potions of cancellation
 l - 4 potions of flight
 m - 3 potions of invisibility
 q - 6 potions of haste
 t - a potion of resistance
 w - 9 potions of attraction
 B - 2 potions of heal wounds
 D - 7 potions of ambrosia
Miscellaneous
 U - a condenser vane (quivered)


   Skills:
 + Level 19.5 Fighting
 + Level 16.2 Axes
 + Level 9.5 Armour
 - Level 15.0 Shields
 * Level 24.8 Invocations


You had 21 spell levels left.
You didn't know any spells.
Your spell library contained the following spells:

 Spells                   Type           Power        Failure   Level
 Corona                   Hex            0%           87%         1
 Freeze                   Ice            0%           87%         1
 Magic Dart               Conj           0%           87%         1
 Blink                    Tloc           N/A          95%         2
 Call Imp                 Summ           0%           95%         2
 Ensorcelled Hibernation  Hex/Ice        0%           95%         2
 Slow                     Hex            0%           95%         2
 Confusing Touch          Hex            0%           99%         3
 Conjure Flame            Conj/Fire      0%           99%         3
 Dazzling Flash           Conj/Hex       0%           99%         3
 Frozen Ramparts          Ice            0%           99%         3
 Gell's Gravitas          Tloc           0%           99%         3
 Lesser Beckoning         Tloc           0%           99%         3
 Mephitic Cloud           Conj/Pois/Air  0%           99%         3
 Ozocubu's Armour         Ice            0%           99%         3
 Teleport Other           Tloc           0%           99%         3
 Tukima's Dance           Hex            0%           99%         3
 Hailstorm                Conj/Ice       0%           100%        4
 Passage of Golubria      Tloc           N/A          100%        4
 Summon Ice Beast         Ice/Summ       0%           100%        4
 Bolt of Magma            Conj/Fire/Erth 0%           100%        5
 Iskenderun's Battlesphe  Conj           0%           100%        5
 Iron Shot                Conj/Erth      0%           100%        6
 Orb of Destruction       Conj           0%           100%        7
 Spellforged Servitor     Conj/Summ      0%           100%        7


Dungeon Overview and Level Annotations

Branches:
Dungeon (15/15)            Temple (0/1) D:6            Lair (6/6) D:8
  Swamp (4/4) Lair:4       Spider (4/4) Lair:4        Slime (0/5) Lair:6
    Orc (2/2) D:11            Elf (0/3) Orc:2        Vaults (5/5) D:13
  Crypt (0/3) Vaults:3     Depths (0/5) D:15

Altars:
Ashenzari
Dithmenos
Elyvilon
Gozag
Hepliaklqana
Kikubaaqudgha
Makhleb
Nemelex Xobeh
Okawaru
Qazlal
Ru
Sif Muna
Trog
Vehumet
Wu Jian
Yredelemnul
Zin
The Shining One
Beogh
Jiyva

Shops:
D:10 [*=[   Orc:1 (   Orc:2 (=[*   Vaults:4 *

Portals:
Abyss: Lair:6

Annotations:
Lair:6 2 transporters, Yned's ghost, journeyman DDFi
Orc:1 exclusions: 4 orange crystal statues and 1 more exclusion


Innate Abilities, Weirdness & Mutations

You are resistant to torment.
Your stone body is resilient. (AC +16)
You are immune to poison.
Your large and strong wings let you fly indefinitely.
You resist negative energy. (rN+)
You are resistant to electric shocks. (rElec)
You can survive without breathing.
You are immune to petrification.
You are immune to miasma.
You are partially covered in molten scales. (AC +2)


Message History

You hear some strange, mumbled words.
A bolt of cold appears from out of thin air!
The bolt of cold hits you!!
* * * LOW HITPOINT WARNING * * *
The bolt of cold hits the +3 vorpal broad axe!!
The +3 vorpal broad axe resists.
The +3 vorpal broad axe falls from the air.
You block the fire giant's attack.
The +3 glaive of protection is engulfed in freezing vapours.
You block the +3 glaive of protection's attack.
A redback comes into view.
The two-headed ogre is engulfed in blazing flames.
The ironbrand convoker points at the frost giant and mumbles some strange words.
The frost giant seems to grow stronger.
A fire giant comes into view.
It is wielding a +2 great sword of flaming.
The ancient lich casts a spell.
The ancient lich seems to speed up.
The boulder beetle curls into a ball and begins rolling!
The frost giant hits you with a +2 battleaxe of freezing!!
You die...

)) #..))# #...
#..#.)..##...
...#)...#...
.)..)...Q*.
##..[.)...#####
..[....C○......
.[.).opCpO)..[.
.[[[§pL@CD.....
B.[.C9{LCp(....
##LBpD(§pp#p###
Cs.s.p{eHW.#.#
sps#...c#.#.#
.. #.[[).#.#.#
. #....# #[#.#
#....# #.#.


You could see 3 ancient liches, a storm dragon, 3 frost giants, 2 fire giants, a
stone giant, 2 vault wardens, a tengu reaver, a yaktaur captain, a boulder
beetle, an entropy weaver, a swamp dragon shaped shifter, an orc knight, a hell
knight, a deep elf sorcerer (fast, very poisoned), a two-headed ogre, a war
gargoyle, 4 vault sentinels, 3 ironbrand convokers, a harpy shaped shifter, a
phantom (summoned), a jumping spider, a tarantella, 2 redbacks, a +3 glaive of
protection and a battlesphere.

Vanquished Creatures
  Nikola (Swamp:1)
  Arachne (Spider:3)
  3 tentacled monstrosities
  Jorgrun (Swamp:3)
  2 titans (Vaults:4)
  A quicksilver dragon (Vaults:4)
  A sphinx (Vaults:4)
  A thorn hunter (Swamp:2)
  Kirke (Lair:5)
  Donald (Lair:4)
  A storm dragon (Vaults:5)
  A fenstrider witch (Swamp:3)
  A ghost moth (shapeshifter) (D:15)
  2 fire giants (Vaults:5)
  A frost giant (Vaults:1)
  2 deep elf sorcerers
  14 vault wardens
  3 ghost moths (Spider:4)
  An orc warlord (Orc:1)
  A ghoul (Vaults:1)
  7 stone giants
  6 emperor scorpions
  10 ironheart preservers
  5 very ugly things
  A war gargoyle (Vaults:4)
  6 bunyips
  2 deep elf demonologists
  A deep elf annihilator (Vaults:3)
  3 entropy weavers
  5 ettins
  2 deep elf death magi
  7 eleionomae
  4 great orbs of eyes
  A fire dragon (Vaults:1)
  11 ogre magi
  A shambling mangrove (Swamp:4)
  2 servants of whispers (Vaults:4)
  4 yaktaur captains
  32 vault guards
  A deep elf high priest (Vaults:5)
  25 hydras
  A rakshasa (Vaults:1)
  2 ghost crabs
  Erica (D:8)
  7 boulder beetles
  A merfolk avatar (Lair:6)
  6 death knights
  36 two-headed ogres
  4 ice dragons
  8 death yaks
  8 alligators
  5 centaur warriors
  2 orc high priests
  3 tengu warriors (D:15)
  3 spriggan berserkers (D:14)
  2 shock serpents (shapeshifter)
  4 deep elf knights
  A fire crab (Lair:6)
  6 goliath frogs
  11 skeletal warriors
  5 unseen horrors
  6 deep trolls
  A glowing orange brain (D:15)
  2 flayed ghosts
  4 spriggan druids
  5 bog bodies
  6 swamp dragons
  A harpy (shapeshifter) (Vaults:2)
  4 deep elf archers
  2 wizards (Vaults:3)
  11 orb spiders
  4 phantasmal warriors
  19 deep elf magi
  A harpy (Lair:6)
  14 ironbrand convokers
  4 will-o-the-wisps
  A shining eye (shapeshifter) (Vaults:4)
  A necromancer (Vaults:4)
  11 orc knights
  2 orc sorcerers (Orc:2)
  8 cyclopes
  32 wolf spiders
  A salamander (shapeshifter) (D:15)
  42 ugly things
  3 moths of wrath
  6 manticores
  3 black mambas
  13 elephants
  A fire giant skeleton (Vaults:4)
  A black mamba (shapeshifter) (Vaults:3)
  3 centaur zombies
  12 vault sentinels
  A frost giant skeleton (Vaults:4)
  A gargoyle (D:12)
  Psyche (D:8)
  17 cane toads
  12 demonic crawlers
  4 kobold demonologists
  9 freezing wraiths
  6 rime drakes
  6 yaktaurs
  2 komodo dragons (shapeshifter)
  12 komodo dragons
  4 polar bears
  9 trolls
  42 jumping spiders
  12 tyrant leeches
  31 hornets
  A polar bear (shapeshifter) (Vaults:3)
  2 raiju (shapeshifter)
  21 slime creatures
  17 blink frogs
  2 saltlings (Vaults:4)
  5 dream sheep (Lair:5)
  2 centaur simulacra
  33 tarantellas
  Sigmund (D:5)
  66 redbacks
  A yak (shapeshifter) (Vaults:3)
  8 spriggans
  6 wyverns
  4 wraiths
  9 basilisks
  A human (shapeshifter) (Vaults:1)
  29 yaks
  A fire elemental (Lair:2)
  A human (Lair:5)
  A hog (Lair:5)
  4 steam dragons
  11 vampire mosquitoes
  25 swamp worms
  4 acid dragons
  5 wargs
  14 water moccasins
  2 eyes of draining
  A meliai simulacrum (D:14)
  A black bear (shapeshifter) (D:15)
  7 swamp drakes (Swamp:4)
  3 ice beasts
  40 orc warriors
  3 sky beasts
  A black bear (Lair:4)
  A necrophage (D:9)
  4 phantoms
  4 wolves (Lair:5)
  17 centaurs
  23 ogres
  A tengu (shapeshifter) (Vaults:3)
  6 big kobolds
  Blork the orc (Orc:1)
  2 human skeletons (Vaults:4)
  17 bullfrogs
  6 scorpions
  2 troll zombies (D:11)
  14 killer bees
  2 electric eels (Lair:2)
  15 wights
  4 howler monkeys
  2 vampire bats (D:6)
  2 bullfrog zombies
  2 quasits
  27 orc priests
  3 centaur skeletons
  8 hounds
  3 jellies
  Crazy Yiuf (D:6)
  36 orc wizards
  Jessica (D:3)
  Ijyb (D:3)
  3 iguanas
  6 worker ants
  6 ogre zombies (D:11)
  A hound skeleton (D:6)
  3 worker ant zombies
  3 gnolls (D:7)
  15 adders
  5 shadow imps
  3 white imps
  3 ufetubi
  An adder zombie (D:6)
  4 oozes
  2 worms
  2 dart slugs
  4 leopard geckos
  95 orcs
  3 bat skeletons (D:6)
  3 bat zombies (D:6)
  5 giant cockroaches
  14 goblins
  5 hobgoblins
  7 jackals
  16 kobolds
  10 quokkas
  6 ball pythons (D:2)
  8 bats
  3 frilled lizards
  A goblin zombie (D:11)
  2 hobgoblin skeletons (D:11)
  3 hobgoblin zombies (D:11)
  An orc skeleton (D:11)
  18 orc zombies (D:11)
  2 quokka zombies
  5 rats
1490 creatures vanquished.

Vanquished Creatures (others)
  3 hydras (Swamp:4)
  A two-headed ogre (Vaults:4)
  A dancing weapon (Vaults:5)
  2 swamp dragons (Swamp:4)
  A bog body (Swamp:2)
  4 bloated husks
  A jumping spider (Spider:1)
  A hornet (Spider:4)
  A blink frog (Lair:5)
  A spriggan (Swamp:1)
  3 humans (Lair:5)
  2 vampire mosquitoes (Swamp:1)
  An orc (Orc:2)
  27 foxfires
  52 fungi
  82 plants
183 creatures vanquished.

Grand Total: 1673 creatures vanquished

Notes
Turn   | Place    | Note
-------+----------+-------------------------------------------
     0 | D:1      | benadryl the Gargoyle Fighter began the quest for the Orb.
     0 | D:1      | Reached XP level 1. HP: 14/14 MP: 1/1
   111 | D:1      | Reached XP level 2. HP: 19/19 MP: 2/2
   369 | D:1      | Reached XP level 3. HP: 24/24 MP: 3/3
  1201 | D:2      | Reached XP level 4. HP: 29/30 MP: 4/4
  1427 | D:2      | Found a shimmering blue altar of Sif Muna.
  1778 | D:2      | Reached XP level 5. HP: 32/34 MP: 5/5
  1836 | D:2      | Found an ornate altar of the Wu Jian Council.
  1931 | D:2      | Reached skill level 5 in Fighting
  2318 | D:3      | Found a hazy altar of Hepliaklqana.
  2416 | D:3      | Reached XP level 6. HP: 39/40 MP: 6/6
  2434 | D:3      | Found a burning altar of Makhleb.
  2445 | D:3      | Found a sparkling altar of Nemelex Xobeh.
  2445 | D:3      | Found an opulent altar of Gozag.
  2465 | D:3      | Noticed Ijyb
  2473 | D:3      | Killed Ijyb
  2807 | D:3      | Found a glowing silver altar of Zin.
  3135 | D:3      | Noticed a phantom
  3191 | D:3      | Killed a phantom
  3376 | D:3      | Noticed Jessica
  3384 | D:3      | Killed Jessica
  3545 | D:4      | Found a shadowy altar of Dithmenos.
  3584 | D:3      | Reached XP level 7. HP: 40/47 MP: 7/7
  3671 | D:4      | Found a radiant altar of Vehumet.
  3735 | D:4      | Reached skill level 5 in Axes
  4010 | D:5      | Entered Level 5 of the Dungeon
  4446 | D:4      | Reached XP level 8. HP: 8/53 MP: 8/8
  5253 | D:5      | Found an iron altar of Okawaru.
  5289 | D:5      | Reached skill level 5 in Shields
  5391 | D:5      | Found a stormy altar of Qazlal.
  5393 | D:5      | Noticed an air elemental
  5393 | D:5      | Noticed a water elemental
  5398 | D:5      | Became a worshipper of Qazlal Stormbringer
  5517 | D:5      | Reached skill level 1 in Invocations
  5557 | D:5      | Noticed Sigmund
  5562 | D:5      | Killed Sigmund
  5563 | D:5      | Reached skill level 2 in Invocations
  5912 | D:6      | Reached skill level 3 in Invocations
  5985 | D:5      | Reached XP level 9. HP: 59/59 MP: 11/11
  5989 | D:6      | Reached skill level 4 in Invocations
  6030 | D:6      | Paralysed by an orc for 4 turns
  6157 | D:6      | Found a runed translucent door.
  6158 | D:6      | Noticed Crazy Yiuf
  6174 | D:6      | Killed Crazy Yiuf
  6274 | D:6      | Found a staircase to the Ecumenical Temple.
  6332 | D:6      | Reached * piety under Qazlal
  6349 | D:6      | Found an ancient bone altar of Kikubaaqudgha.
  6661 | D:7      | Found an iron altar of Okawaru.
  6672 | D:7      | Reached skill level 5 in Invocations
  7072 | D:7      | Reached skill level 6 in Invocations
  7356 | D:7      | Reached ** piety under Qazlal
  7529 | D:7      | Reached skill level 7 in Invocations
  7577 | D:7      | Found a bloodstained altar of Trog.
  7833 | D:8      | Reached XP level 10. HP: 66/66 MP: 15/15
  7929 | D:8      | Found a staircase to the Lair.
  7979 | D:8      | Noticed Erica
  7992 | D:8      | Killed Erica
  7993 | D:8      | Reached skill level 8 in Invocations
  8031 | D:8      | Noticed Psyche
  8038 | D:8      | Killed Psyche
  8057 | D:8      | Found a white marble altar of Elyvilon.
  8845 | D:8      | Reached skill level 9 in Invocations
  8969 | D:9      | Found a glowing golden altar of the Shining One.
  8972 | D:9      | Found a sacrificial altar of Ru.
  8974 | D:9      | Found a white marble altar of Elyvilon.
  9020 | D:9      | Reached skill level 10 in Fighting
  9022 | D:9      | Reached *** piety under Qazlal
  9629 | Lair:1   | Entered Level 1 of the Lair of Beasts
  9640 | D:8      | Reached skill level 10 in Invocations
  9641 | D:8      | Reached XP level 11. HP: 60/73 MP: 18/18
 10130 | Lair:1   | Reached skill level 11 in Invocations
 10483 | Lair:2   | Reached **** piety under Qazlal
 10679 | Lair:2   | Reached skill level 12 in Invocations
 10755 | Lair:2   | Noticed a six-headed hydra
 10764 | Lair:2   | Killed a one-headed hydra
 11314 | Lair:3   | Reached XP level 12. HP: 61/80 MP: 21/21
 11330 | Lair:3   | Noticed a five-headed hydra
 11612 | Lair:3   | Killed a one-headed hydra
 11642 | Lair:3   | Reached skill level 10 in Axes
 11646 | Lair:3   | Reached skill level 13 in Invocations
 11974 | Lair:3   | Noticed a five-headed hydra
 11980 | Lair:3   | Killed a one-headed hydra
 12978 | Lair:4   | Reached skill level 14 in Invocations
 13217 | Lair:4   | Noticed an eight-headed hydra
 13220 | Lair:4   | Killed a six-headed hydra
 13324 | Lair:4   | Found a staircase to the Swamp.
 13419 | Lair:4   | Reached ***** piety under Qazlal
 13424 | Lair:4   | Reached XP level 13. HP: 82/87 MP: 23/23
 13458 | Lair:4   | Found a hole to the Spider Nest.
 14098 | Lair:5   | Noticed Kirke
 14110 | Lair:5   | Killed Kirke
 14295 | Lair:5   | Reached skill level 15 in Invocations
 14711 | Lair:6   | Entered Level 6 of the Lair of Beasts
 15096 | Lair:6   | Gained mutation: Your large and strong wings let you fly
                  | indefinitely. [Gargoyle growth]
 15096 | Lair:6   | Reached XP level 14. HP: 90/94 MP: 25/25
 15186 | Lair:5   | Reached skill level 16 in Invocations
 15675 | Lair:6   | Got a shimmering marble ring
 15683 | Lair:6   | Identified the ring "Vemunk" {rN+++ Str+5 Int+3 Dex+6} (You
                  | found it on level 6 of the Lair of Beasts)
 15709 | Lair:6   | Reached ****** piety under Qazlal
 15896 | Lair:6   | Found a transporter.
 15910 | Lair:6   | Identified the +9 spear of Wondrous Power {distort, Will+
                  | Int-3 Dex+8}
 15915 | Lair:6   | Noticed Yned's ghost (journeyman DDFi)
 15920 | Lair:6   | Found a one-way gate to the infinite horrors of the Abyss.
 16091 | Lair:6   | Found a staircase to the Slime Pits.
 16091 | Lair:6   | Found a viscous altar of Jiyva.
 16306 | Lair:6   | Found a transporter.
 16622 | D:10     | Entered Level 10 of the Dungeon
 16700 | D:10     | Found Zeskix's Assorted Antiques.
 16711 | D:10     | Bought a scroll of enchant weapon for 187 gold pieces
 16813 | D:10     | Found Vopne's Armour Shop.
 16841 | D:10     | Found a broken altar of Ashenzari.
 16961 | D:10     | Found Lodghiud's Jewellery Shoppe.
 16965 | D:10     | Bought the ring of the Devil's Advocate {rN+ Will+++ Dex-3
                  | Slay+3 Stlth-} for 506 gold pieces
 17097 | D:10     | Found Duraatyzub's Armour Emporium.
 17478 | D:11     | Found a staircase to the Orcish Mines.
 17557 | D:11     | Found a burning altar of Makhleb.
 17562 | D:11     | Reached skill level 10 in Shields
 18287 | Orc:1    | Entered Level 1 of the Orcish Mines
 18345 | Orc:1    | Found Ucumug's Antique Weapon Emporium.
 18438 | D:10     | Bought the amulet of Isoubru {Faith Dex+4 Slay+2} for 893
                  | gold pieces
 18605 | Orc:1    | Found the +10 tower shield of Ignorance {rN+ Int-4}
 18610 | Orc:1    | Found a runed translucent door.
 18727 | Orc:1    | Found a runed translucent door.
 18728 | Orc:1    | Noticed an orc warlord
 18747 | Orc:2    | Entered Level 2 of the Orcish Mines
 18805 | Orc:2    | Reached skill level 17 in Invocations
 18882 | Orc:2    | Found a staircase to the Elven Halls.
 19233 | Orc:2    | Reached XP level 15. HP: 93/101 MP: 27/27
 19233 | Orc:2    | Noticed an orc warlord
 19233 | Orc:2    | Noticed Blork the orc
 19614 | Orc:1    | Killed Blork the orc
 19787 | Orc:1    | Killed an orc warlord
 20142 | Orc:2    | Found a roughly hewn altar of Beogh.
 20528 | Orc:2    | Found Zilamyko's Antique Armour Shop.
 20572 | Orc:2    | Found Bythrur's Antique Weapon Shop.
 20627 | Orc:2    | Found Bametoull's Jewellery Shop.
 20642 | Orc:2    | Found Noudyf's General Store.
 21393 | D:12     | You fall into a shaft and drop 1 floor!
 22345 | D:13     | Reached skill level 18 in Invocations
 22345 | D:13     | Reached XP level 16. HP: 107/107 MP: 27/29
 23201 | D:13     | Found a gate to the Vaults.
 23380 | D:13     | Reached skill level 15 in Fighting
 24218 | Swamp:1  | Entered Level 1 of the Swamp
 24862 | Swamp:1  | Noticed Donald
 24880 | Lair:4   | Killed Donald
 24881 | Lair:4   | Reached skill level 19 in Invocations
 25136 | Swamp:1  | Reached XP level 17. HP: 113/113 MP: 30/30
 25668 | Swamp:2  | Noticed Nikola
 25906 | Orc:2    | Bought a scorched plate armour for 784 gold pieces
 25917 | Orc:2    | Identified the cursed +0 plate armour of Hujeecyzi {rElec
                  | rPois rCorr} (You bought it in a shop on level 2 of the
                  | Orcish Mines)
 25920 | Orc:2    | Bought a pair of runed boots for 210 gold pieces
 26150 | Spider:1 | Entered Level 1 of the Spider Nest
 28376 | Spider:3 | Noticed Arachne
 28388 | Spider:3 | Killed Arachne
 28657 | Spider:3 | Reached skill level 20 in Invocations
 28864 | Spider:4 | Entered Level 4 of the Spider Nest
 29310 | Spider:4 | Reached XP level 18. HP: 120/120 MP: 32/32
 29978 | Spider:4 | Identified the cursed +1 chain mail "Hoceqot" {rPois Str-2
                  | Int+2 Dex+5} (You found it on level 4 of the Spider Nest)
 30312 | Spider:4 | Got a gossamer rune of Zot
 30928 | Swamp:1  | Killed Nikola
 31819 | Swamp:2  | Reached skill level 21 in Invocations
 32141 | Swamp:3  | Noticed Jorgrun
 32301 | Swamp:3  | Killed Jorgrun
 32793 | Swamp:4  | Entered Level 4 of the Swamp
 34154 | Swamp:4  | Reached XP level 19. HP: 119/127 MP: 33/33
 35002 | Swamp:4  | Got a decaying rune of Zot
 35374 | Swamp:4  | Identified a scroll of acquirement
 35374 | Swamp:4  | Acquired 408 gold pieces
 36430 | D:14     | Found the +8 Wrath of Trog {antimagic, *Rage}
 36776 | D:15     | Entered Level 15 of the Dungeon
 37041 | D:15     | Found a staircase to the Depths.
 37751 | Vaults:1 | Entered Level 1 of the Vaults
 37789 | Vaults:1 | Reached skill level 22 in Invocations
 37861 | Vaults:1 | Found a flickering gateway to a bazaar.
 37870 | Bazaar   | Entered a bazaar
 37958 | Bazaar   | Found Zaos's Armour Boutique.
 37964 | Bazaar   | Found Ciupogacw's Jewellery Shoppe.
 37969 | Bazaar   | Found Reneroni's Antique Armour Shop.
 38000 | Bazaar   | Found Hoisch's Gadget Boutique.
 38004 | Bazaar   | Found Mamiam's Jewellery Shoppe.
 38018 | Bazaar   | Bought a condenser vane for 400 gold pieces
 38053 | Bazaar   | Bought a glowing scarf for 296 gold pieces
 38904 | Vaults:1 | Reached XP level 20. HP: 130/136 MP: 35/35
 39193 | Vaults:1 | Reached skill level 15 in Shields
 40214 | Vaults:2 | Reached skill level 23 in Invocations
 40403 | Vaults:2 | Reached skill level 15 in Axes
 41155 | Vaults:2 | Reached skill level 5 in Armour
 41393 | Vaults:3 | Reached XP level 21. HP: 137/142 MP: 36/36
 42230 | Vaults:3 | Found a staircase to the Crypt.
 42230 | Vaults:3 | Found a basalt altar of Yredelemnul.
 42231 | Vaults:3 | Found an ancient bone altar of Kikubaaqudgha.
 42639 | Vaults:4 | Found Pearyu's Assorted Antiques.
 42831 | Vaults:4 | Found a ruined gateway.
 43283 | Vaults:4 | Reached skill level 24 in Invocations
 44178 | Vaults:5 | Entered Level 5 of the Vaults
 44182 | Vaults:5 | Reached XP level 22. HP: 89/150 MP: 30/38
 44360 | Vaults:5 | Noticed an ancient lich
 44363 | Vaults:5 | Noticed an ancient lich
 44545 | Vaults:5 | Gained mutation: You are partially covered in molten
                  | scales. (AC +2) [a shining eye]
 45402 | Vaults:5 | Noticed an ancient lich
 45408 | Vaults:5 | Noticed an ancient lich
 45412 | Vaults:5 | Mangled by a frost giant

Illustrated notes

Levels and vault maps discovered:
D:1:      sevenhm_arrival_forest_fort_large_2, layout_basic
D:2:      layout_rooms, led_sif_pool, nzn_wu_jian_council_hall,
          minmay_snake_closets
D:3:      layout_basic, grunt_temple_overflow_opulence, lemuel_round_altar,
          lemuel_crystal_altar, old_standard_altar, uniq_ijyb, uniq_jessica
D:4:      layout_rooms, grunt_dithmenos_smoke_and_mirrors, fiery_altar_vehumet
D:5:      layout_loops_corners, okawaru_gym_becter,
          nicolae_qazlal_style_of_elements, uniq_sigmund
D:6:      layout_basic, kennysheep_vampire_church, lemuel_temple_firewalk_a,
          uniq_crazy_yiuf_cottage
D:7:      layout_loops_corners, overflow_temple_1_default, basic_altar,
          serial_bayou_pond_e, kennysheep_generic_room_10
D:8:      layout_layer_cave, dpeg_oklobed_lair, elyvilon_altar_1, uniq_erica,
          uniq_psyche
D:9:      layout_rooms, minitemple
D:10:     layout_stronghold, serial_shops, shop, nicolae_shop_waterfront,
          shop_coins, shop_statue, nicolae_ashenzari_panopticon
D:11:     layout_roguey, zombieorc2_lemuel, fungi_pond_lemuel,
          minmay_misc_feat_encased, david_defended_altar_orc
D:12:     layout_basic
D:13:     layout_loops_corners, david_vaults_2
D:14:     layout_rooms, nrook_mini_backslash, grunt_ministairs_15,
          minmay_guarded_unrand_wrath_of_trog
D:15:     gammafunk_enter_depths_forms, layout_basic, fountainhead,
          kennysheep_flooded_box, grunt_potential
Lair:1:   layout_long_grid, grunt_megastairs_3
Lair:2:   layout_gridlike, serial_bayou_lake_a, infiniplex_staircase_pool_2
Lair:3:   layout_regular_city, lemuel_fruit_tree
Lair:4:   layout_small_grid, palyth_hydra_swamp_entry,
          nicolae_spider_entry_tight_spaces
Lair:5:   layout_roguey, infiniplex_staircase_pool, lemuel_fruit_fields,
          uniq_kirke
Lair:6:   gammafunk_lair_ancient_temple, layout_loops_ring, slime_altar_1,
          gammafunk_ghost_abyssal_escape
Swamp:1:  layout_falls_marsh, nicolae_swamp_trees_clearing, swamp_pool3,
          uniq_donald
Swamp:2:  layout_falls_marsh, hangedman_swamp_ruin_wall, uniq_nikola
Swamp:3:  layout_basic_swamp, hangedman_swamp_blocks, uniq_jorgrun
Swamp:4:  swamp, layout_basic_swamp
Spider:1: layout_spider_delve
Spider:2: layout_spider_delve
Spider:3: layout_spider_delve, guppyfry_hornet_nest, uniq_arachne
Spider:4: grunt_spider_rune_parallel
Orc:1:    layout_caves, basic_altar, serial_shops, shop,
          chequers_guarded_unrand_ignorance
Orc:2:    grunt_orc_cross, layout_caves
Vaults:1: nicolae_vaults_circle_grid_b, v_misc_19, nicolae_vaults_specimen_jars,
          grunt_vaults_focal, nicolae_vaults_little_squares_1,
          nicolae_vaults_fighting_squares, v_misc_18, vaults_room_octagon,
          vaults_mumra_lcd, vaults_mumra_hexcomb, vaults_room_semicircle,
          ontoclasm_vaults_shuriken, v_misc_26, grunt_vaults_diagonal,
          vaults_room_stairs_pillars, hangedman_vaults_impose,
          layout_vaults_maze, serial_shops, bzr_entry_islet
Vaults:2: v_misc_8, nicolae_vaults_display_case, ontoclasm_vaults_spin,
          nicolae_vaults_network_star, nicolae_vaults_border_crossing,
          v_misc_16, ontoclasm_vaults_chip, v_misc_24, layout_vaults_omnigrid
Vaults:3: minmay_crypt_entry_necro_gods, v_alt_pattern_4,
          vaults_mumra_minichess, v_misc_13, vaults_dpeg_diagonal, v_misc_33,
          nicolae_vaults_little_squares_6, hangedman_vaults_capsules,
          layout_vaults_omnibox
Vaults:4: ontoclasm_vaults_shout, vaults_dpeg_spiral, grunt_vaults_bifocal,
          v_misc_24, nicolae_vaults_shelves_hall, hangedman_vaults_snaps,
          grunt_vaults_hallway_short, nicolae_vaults_little_squares_3,
          layout_vaults_chaotic_city, serial_shops,
          nicolae_shop_window_shopping, portal_desolation_entry_nicolae_nacl
Vaults:5: serial_shops

Skill      XL: |  1  2  3  4  5  6  7  8  9 10 11 12 13 14 15 16 17 18 19 20 21 22 |
---------------+-------------------------------------------------------------------+-----
Axes           | 2 3 4 5 6 7 8 9 10 11 12 13 14 15 16 | 16.2
Fighting       | 4 5 6 7 8 9 10 11 12 13 14 15 16 17 18 19 | 19.5
Shields        | 4 5 6 8 10 11 12 13 14 15 | 15.0
Invocations    | 3 7 10 12 14 15 17 18 19 20 21 22 23 24 | 24.8
Armour         | 5 8 9 |  9.5

Action                   |  1- 3 |  4- 6 |  7- 9 | 10-12 | 13-15 | 16-18 | 19-21 | 22-24 || total
-------------------------+-------+-------+-------+-------+-------+-------+-------+-------++-------
Melee: War axe           |   115 |   226 |       |       |       |       |       |       ||   341
       Broad axe         |       |    10 |   341 |   457 |   775 |   846 |  1056 |    37 ||  3522
Throw: Dart              |       |    15 |     4 |     1 |     6 |     6 |       |       ||    32
Invok: Upheaval          |       |       |       |       |     3 |       |     3 |       ||     6
       Disaster Area     |       |       |       |       |     3 |     2 |     2 |     3 ||    10
 Abil: Fly               |       |       |       |       |     1 |     2 |       |       ||     3
       Stop Flying       |       |       |       |       |     1 |     1 |       |     1 ||     3
Evoke: Wand              |       |       |     1 |     2 |     2 |     3 |     1 |       ||     9
  Use: Scroll            |       |     8 |    13 |     7 |     8 |     7 |     9 |     1 ||    53
       Potion            |       |       |       |       |     4 |       |     3 |     3 ||    10
 Stab: Confused          |       |       |       |       |       |       |     1 |       ||     1
Armor: Scale mail        |    76 |   131 |       |       |       |       |       |       ||   207
       Chain mail        |       |     5 |   114 |       |       |       |       |       ||   119
       Plate armour      |       |       |    83 |   296 |   487 |   847 |   524 |    69 ||  2306
Dodge: Dodged            |    44 |    54 |    56 |    54 |   132 |   255 |   151 |    17 ||   763
       Repelled          |       |       |       |     1 |     3 |    10 |     9 |     2 ||    25
Block: Kite shield       |    75 |   138 |   372 |   524 |  1006 |  1429 |  1226 |   115 ||  4885
       Reflection        |       |     1 |    16 |     8 |       |       |       |       ||    25
